 Dungeon Crawl Stone Soup version 0.28-a0-1339-ga5422284a4 (webtiles) character file.

Game seed: 8306828160495090005

8064 funkygono the Arsonist (level 11, -3/76 (80) HPs)
             Began as a Green Draconian Fire Elementalist on Dec 28, 2021.
             Slain by a two-headed ogre (9 damage)
             ... on level 9 of the Dungeon.
             The game lasted 00:22:10 (10326 turns).

funkygono the Arsonist (DrFE)                      Turns: 10326, Time: 00:22:11

HP:   -3/76 (80)    AC: 15    Str: 14    XL:     11   Next: 5%
MP:   12/25         EV: 12    Int: 26    God:
Gold: 265           SH:  0    Dex: 11    Spells: 20/30 levels left

rFire   . . .      SeeInvis .   p - +3 whip (venom)
rCold   . . .      Faith    .   (no shield)
rNeg    . . .      Spirit   .   (armour unavailable)
rPois   +          Reflect  .   (helmet restricted)
rElec   +          Harm     .   (no cloak)
rCorr   .          Rampage  .   l - +1 pair of gloves
Will    .....                   I - +1 pair of boots
Stlth   ++........              (no amulet)
HPRegen 0.22/turn               y - +4 ring of protection
MPRegen 0.19/turn               u - ring of Adism {rElec Str+3 Int+6}

@: drained
A: breathe noxious fumes, AC +7, unfitting armour, poison resistance,
cold-blooded
a: Breathe Noxious Fumes


You were on level 9 of the Dungeon.
You visited 2 branches of the dungeon, and saw 10 of its levels.

You collected 362 gold pieces.
You spent 97 gold pieces at shops.

Inventory:

Hand Weapons
 a - a +1 dagger
 p - a +3 whip of venom (weapon)
 C - a +2 flail of holy wrath
Missiles
 e - 313 stones
Armour
 f - a +0 kite shield
 l - a +1 pair of gloves (worn)
 t - an orb of guile
 I - a +1 pair of boots (worn)
Magical Staves
 D - a staff of poison
Jewellery
 c - a +6 ring of intelligence
 g - an amulet of guardian spirit
 h - a +6 ring of dexterity
 n - a ring of resist corrosion
 o - a ring of see invisible
 u - the ring of Adism (right hand) {rElec Str+3 Int+6}
   (You found it on level 6 of the Dungeon)

   [ring of intelligence]

   Str:       It affects your strength (+3).
   Int:       It affects your intelligence (+6).
   rElec:     It insulates you from electricity.
 y - a +4 ring of protection (left hand)
 F - a +6 ring of intelligence
 G - a ring of magical power
Wands
 j - a wand of acid (6)
 w - a wand of flame (59)
 A - a wand of mindburst (8)
Scrolls
 k - a scroll of amnesia
 r - a scroll of fog
 H - a scroll of identify
 J - a scroll of magic mapping
Potions
 b - a potion of invisibility
 d - 2 potions of haste
 i - a potion of magic {unknown}
 m - 2 potions of might
 q - a potion of lignification {unknown}
 s - 2 potions of mutation {unknown}
 v - 2 potions of brilliance {unknown}
 x - 2 potions of heal wounds {unknown}
 z - 3 potions of curing
 B - a potion of flight {unknown}
 E - 2 potions of attraction {unknown}


   Skills:
 + Level 2.5 Fighting
 + Level 1.9 Maces & Flails
 + Level 3.6 Dodging
 - Level 1.7 Stealth
 + Level 10.2 Spellcasting
 + Level 7.4 Conjurations
 + Level 10.4 Fire Magic


You had 20 spell levels left.
You knew the following spells:

 Your Spells              Type           Power      Damage    Failure   Level
a - Foxfire               Conj/Fire      100%       2x1d9     1%          1
b - Scorch                Fire           100%       2d10      1%          2
c - Conjure Flame         Conj/Fire      56%        6-21      1%          3
d - Flame Wave            Conj/Fire      56%        2d9       1%          4

Your spell library contained the following spells:

 Spells                   Type           Power      Damage    Failure   Level
 Magic Dart               Conj           100%       1d8       1%          1
 Inner Flame              Hex/Fire       40%        N/A       1%          3
 Mephitic Cloud           Conj/Pois/Air  26%        N/A       4%          3
 Call Imp                 Summ           13%        N/A       7%          2
 Ensorcelled Hibernation  Hex/Ice        26%        N/A       7%          2
 Gell's Gravitas          Tloc           13%        N/A       14%         3
 Lesser Beckoning         Tloc           13%        N/A       14%         3
 Spider Form              Tmut/Pois      13%        N/A       14%         3
 Teleport Other           Tloc           13%        N/A       14%         3
 Tukima's Dance           Hex            13%        N/A       14%         3
 Passage of Golubria      Tloc           13%        N/A       41%         4
 Yara's Violent Unravell  Hex/Tmut       6%         3d5       77%         5


Dungeon Overview and Level Annotations

Branches:
Dungeon (9/15)             Temple (1/1) D:7            Lair (0/6) D:8
    Orc: D:9-12

Altars:
Ashenzari
Cheibriados
Dithmenos
Elyvilon
Fedhas
Gozag
Hepliaklqana
Kikubaaqudgha
Makhleb
Nemelex Xobeh
Okawaru
Qazlal
Ru
Sif Muna
Trog
Uskayaw
Vehumet
Wu Jian
Xom
Yredelemnul
Zin
The Shining One

Shops:
D:4 ??:**   D:5 (

Annotations:
D:5 2 transporters, benappo's ghost, novice GnHu


Innate Abilities, Weirdness & Mutations

You can breathe blasts of noxious fumes.
Your lurid green scales are hard. (AC +7)
You cannot fit into any form of body armour.
Your system is resistant to poisons. (rPois)
You are cold-blooded and may be slowed by cold attacks.


Message History

Press: ? - help, Dir - look around, f - activate A wave of flame ripples out!
The flame wave engulfs your foxfire.
Your foxfire completely resists.
The flame wave engulfs the orc warrior!
The orc warrior is almost dead.
The flame wave engulfs your foxfire.
Your foxfire completely resists. (Press . to intensify the flame waves.)
The foxfire hits the orc warrior but does no damage.
The orc warrior is almost dead.
The foxfire hits the orc warrior but does no damage.
The orc warrior is almost dead.
The orc warrior hits you with a +0 long sword!
A wave of flame ripples out!
The flame wave engulfs the orc warrior!
You kill the orc warrior!
The flame wave engulfs the two-headed ogre!
The two-headed ogre is lightly wounded.
You hear two shouts!
You hear a shout!
The two-headed ogre closely misses you. The two-headed ogre barely misses you.
A wave of flame ripples out!
The flame wave engulfs the two-headed ogre!
The two-headed ogre is moderately wounded.
You finish channelling waves of flame.
Casting: Flame Wave (dangerous; 1% risk of failure)
Confirm with . or Enter, or press ? or * to list all spells.
Flames lash the two-headed ogre.
The two-headed ogre is moderately wounded.
The two-headed ogre's fire resistance burns away.
The two-headed ogre hits you with the +10 dark maul {vorpal}!!!
Ouch! That really hurt!
The two-headed ogre closely misses you.
You hear two shouts!
Casting: Scorch (safe; 1% risk of failure)
Confirm with . or Enter, or press ? or * to list all spells.
Flames lash the two-headed ogre.
The two-headed ogre is burned terribly!
The two-headed ogre is severely wounded.
The two-headed ogre hits you with the +10 dark maul {vorpal}!
* * * LOW HITPOINT WARNING * * *
x2 The two-headed ogre hits you with a +0 giant spiked club!
You die...

#......##...)......
########...##..o..........
.......'..###............#
.......'....#.............
##########.......#..........
##.........#.....####....#.##
##.................###........
#...............##.#.#........
#............@..#.............
##...#.......)O##..###.....#..
#...#.............##...##.##.
##...........).....#..###
###..........).......#.#
#......##.###..##......
#.........##...##<.....
#.........>............
##..###...............


You could see an orc knight and a two-headed ogre (combustible).

Vanquished Creatures
  A two-headed ogre (D:9)
  Grinder (D:4)
  Sigmund (D:6)
  A shadow (D:7)
  18 yaks
  2 basilisks (D:8)
  A wyvern (D:8)
  2 steam dragons
  Edmund (D:6)
  Menkaure (D:6)
  4 water moccasins
  3 orc warriors
  Duvessa (D:4)
  An ice beast (D:7)
  3 black bears
  3 ogres
  2 centaurs
  2 phantoms
  A kobold brigand (D:9)
  2 bullfrogs (D:7)
  A scorpion (D:5)
  A wyvern zombie (D:8)
  3 wyvern skeletons
  2 water moccasin skeletons
  Dowan (D:4)
  5 killer bees (D:8)
  5 wights
  3 howler monkeys (D:8)
  A bullfrog zombie (D:7)
  2 gnoll shamans
  An orc priest (D:8)
  A hound (D:5)
  2 jellies
  4 centaur skeletons
  2 iguanas (D:7)
  2 orc wizards (D:7)
  7 gnolls (D:4)
  6 adders
  2 worms
  2 dart slugs
  12 orcs
  3 endoplasms
  4 giant cockroaches
  7 goblins
  5 hobgoblins
  2 jackals (D:2)
  13 kobolds
  3 quokkas (D:1)
  7 ball pythons
  5 bats
  4 frilled lizards
  7 rats
176 creatures vanquished.

Vanquished Creatures (collateral kills)
  A foxfire (D:3)
1 creature vanquished.

Vanquished Creatures (others)
  617 foxfires
  2 fungi (D:8)
  7 plants
626 creatures vanquished.

Grand Total: 803 creatures vanquished

Notes
Turn   | Place    | Note
-------+----------+-------------------------------------------
     0 | D:1      | funkygono the Draconian Fire Elementalist began the quest
                  | for the Orb.
     0 | D:1      | Reached XP level 1. HP: 14/14 MP: 3/3
   313 | D:1      | Reached XP level 2. HP: 20/20 MP: 3/5
   316 | D:1      | Learned a level 2 spell: Scorch
   884 | D:1      | Found a faded altar of an unknown god.
  1174 | D:2      | Reached XP level 3. HP: 26/26 MP: 3/6
  1178 | D:2      | Learned a level 3 spell: Conjure Flame
  1391 | D:2      | Found an ancient bone altar of Kikubaaqudgha.
  1844 | D:3      | Reached XP level 4. HP: 33/33 MP: 4/8
  2124 | D:3      | Found an ornate altar of the Wu Jian Council.
  2659 | D:4      | Noticed an ogre
  2659 | D:4      | Noticed a phantom
  2659 | D:4      | Found Soxom's Magic Scroll Shoppe.
  2783 | D:4      | Reached XP level 5. HP: 35/38 MP: 0/10
  2788 | D:4      | Learned a level 4 spell: Flame Wave
  3035 | D:4      | Killed an ogre
  3036 | D:4      | Reached XP level 6. HP: 45/45 MP: 5/11
  3159 | D:4      | Reached skill level 5 in Fire Magic
  3344 | D:4      | Found Tamupu Uvui's Magic Scroll Shoppe.
  3381 | D:4      | Bought a scroll of enchant armour for 97 gold pieces
  3397 | D:4      | Found Tealir's Book Shoppe.
  3398 | D:4      | Found Nusor's General Store.
  3400 | D:4      | Found Marphas's General Store.
  3550 | D:4      | Noticed Duvessa
  3550 | D:4      | Noticed Dowan
  3558 | D:4      | Killed Duvessa
  3559 | D:4      | Your scales start taking on a lurid green colour.
  3559 | D:4      | Reached XP level 7. HP: 50/50 MP: 5/13
  3559 | D:4      | Gained mutation: Your system is resistant to poisons.
                  | (rPois) [Green Draconian growth]
  3561 | D:4      | Killed Dowan
  3697 | D:4      | Noticed Grinder
  3711 | D:4      | Killed Grinder
  3712 | D:4      | Reached skill level 5 in Spellcasting
  3853 | D:5      | Entered Level 5 of the Dungeon
  3867 | D:5      | Found Finwofa's Hydra Hut.
  3966 | D:5      | Noticed a four-headed hydra
  3986 | D:5      | Found a transporter.
  3992 | D:5      | Noticed benappo's ghost (novice GnHu)
  4266 | D:5      | Reached XP level 8. HP: 57/57 MP: 10/16
  4316 | D:5      | Found a transporter.
  4479 | D:5      | Found a glowing silver altar of Zin.
  4836 | D:6      | Identified the ring of Adism {rElec Str+3 Int+6}
  4939 | D:6      | Noticed Sigmund
  4944 | D:6      | Killed Sigmund
  4945 | D:6      | Reached skill level 5 in Conjurations
  5171 | D:6      | Noticed Menkaure
  5174 | D:6      | Noticed Edmund
  5179 | D:6      | Killed Menkaure
  5444 | D:6      | Killed Edmund
  5923 | D:7      | Reached XP level 9. HP: 63/63 MP: 8/19
  5930 | D:7      | Reached skill level 1 in Fighting
  6151 | D:7      | Found a hazy altar of Hepliaklqana.
  6614 | D:7      | Found a staircase to the Ecumenical Temple.
  6636 | Temple   | Entered the Ecumenical Temple
  7357 | D:7      | Found a glowing golden altar of the Shining One.
  7435 | D:7      | Found a broken altar of Ashenzari.
  7440 | D:7      | Found a basalt altar of Yredelemnul.
  7440 | D:7      | Found a blossoming altar of Fedhas.
  7444 | D:7      | Found an iron altar of Okawaru.
  7682 | D:8      | Reached XP level 10. HP: 38/72 MP: 4/22
  8153 | D:8      | Reached skill level 1 in Maces & Flails
  8188 | D:8      | Found a staircase to the Lair.
  9046 | D:9      | Reached skill level 10 in Fire Magic
  9428 | D:9      | Noticed a two-headed ogre
  9433 | D:9      | Killed a two-headed ogre
  9477 | D:9      | Noticed a two-headed ogre
  9478 | D:9      | Noticed a two-headed ogre
  9479 | D:9      | Noticed an orc knight
  9651 | D:9      | Found a radiant altar of Vehumet.
  9676 | D:9      | Reached skill level 10 in Spellcasting
 10018 | D:8      | Reached XP level 11. HP: 56/75 MP: 19/25
 10326 | D:9      | Slain by a two-headed ogre

Illustrated notes

Levels and vault maps discovered:
D:1:      ncdulo_smallfort, layout_basic, shapermc_ecumenical_altar_mp_vishouse
D:2:      layout_rooms, basic_altar, chequers_garden
D:3:      layout_loops_ring, nzn_wu_jian_contemplation, columned_hall_lemuel
D:4:      layout_rooms, serial_shops, nicolae_shop_statue_plus,
          minmay_shop_grid_forest, minivault_1, uniq_grinder, uniq_duvessa
D:5:      layout_loops_ring, zin_scriptorium, gammafunk_ghost_stat_death,
          doesnt_shop_hydraphobe
D:6:      layout_rooms, uniq_menkaure, uniq_edmund, uniq_sigmund
D:7:      layout_loops_ring, nicolae_tso_swordbearing_angel, minitemple,
          minmay_temple_entry_mist, minmay_ruined_shrine
D:8:      layout_loops_ring, minmay_lair_entry_grove
D:9:      layout_cave_pools, vehumet_altar_wand_db,
          hellmonk_guarded_unrand_dark_maul
Temple:   jpeg_temple_clearing

Skill      XL: |  1  2  3  4  5  6  7  8  9 10 |
---------------+-------------------------------+-----
Dodging        | 2 3 |  3.6
Conjurations   | 2 3 4 5 6 7 |  7.4
Spellcasting   | 3 4 5 7 8 10 | 10.2
Fire Magic     | 4 5 6 7 9 10 | 10.4
Fighting       | 1 2 |  2.5
Maces & Flails | 1 |  1.9
Stealth        | |  1.7

Action                   |  1- 3 |  4- 6 |  7- 9 | 10-12 || total
-------------------------+-------+-------+-------+-------++-------
Melee: Dagger            |     2 |     5 |       |       ||     7
       Tailslap          |       |     1 |     4 |     3 ||     8
       Whip              |       |       |    14 |    34 ||    48
 Cast: Foxfire           |    61 |    89 |   143 |    77 ||   370
       Scorch            |     2 |     2 |    41 |    11 ||    56
       Flame Wave        |       |       |     4 |    16 ||    20
       Conjure Flame     |       |       |       |     2 ||     2
  Use: Scroll            |     5 |     4 |     8 |     2 ||    19
       Potion            |       |       |     1 |       ||     1
Armor: Skin              |     6 |     4 |    40 |    44 ||    94
Dodge: Dodged            |    11 |    11 |    64 |    72 ||   158

Table legend: (Time is in decaauts)
 A = Elapsed time spent in this place.
 B = Non-inter-level travel time spent in this place.
 C = Inter-level travel time spent in this place.
 D = Time resting spent in this place.
 E = Time spent auto-exploring this place.
 F = Levels seen in this place.
 G = Mean time per level.
                   A        B        C        D        E       F      G
               +--------+--------+--------+--------+--------+-----+--------+
         Total |  10344 |   9976 |    368 |   1550 |   6817 |  10 | 1034.4 |
       Dungeon |  10224 |   9867 |    357 |   1550 |   6729 |   9 | 1136.0 |
        Temple |    119 |    108 |     11 |      0 |     88 |   1 |  119.0 |
               +--------+--------+--------+--------+--------+-----+--------+

Top non-repeatable levels by time:
     D:7: 1743 daAuts
     D:8: 1462 daAuts
     D:6: 1218 daAuts
     D:5: 1207 daAuts
     D:3: 1106 daAuts
     D:1: 1067 daAuts
     D:4: 997 daAuts
     D:2: 735 daAuts
     D:9: 686 daAuts
  Temple: 119 daAuts
